 Dungeon Sprint DCSS version 0.20-a0-640-g62ed22f (webtiles) character file.

0 esc the Shield-Bearer (level 3, -1/21 HPs)
             Began as a Vine Stalker Fighter on Feb 12, 2017.
             Was an Initiate of Makhleb.
             Slain by Terence
             ... wielding a +2 flail of protection
              (7 damage)
             ... in the Dungeon (Sprint VI: "Thunderdome").
             The game lasted 00:01:52 (120 turns).

esc the Shield-Bearer (Vine Stalker Fighter)         Turns: 120, Time: 00:01:53

Health: -1/21      AC:  2    Str: 23    XL:     3   Next: 85%
Magic:  0/0        EV:  9    Int: 16    God:    Makhleb [......]
Gold:   65         SH: 14    Dex: 13    Spells: 2/2 levels left

rFire    + . .     SeeInvis .   a - +0 rapier
rCold    + + .     Gourm    .   b - +0 scale mail
rNeg     + . .     Faith    .   c - +0 shield
rPois    +         Spirit   +   (no helmet)
rElec    .         Reflect  +   (no cloak)
rCorr    .         Harm     .   (no gloves)
MR       .....     NoTele   +   (no boots)
Stlth    ..........             p - amulet "Riepnunn" {Reflect rF+ Int+4 SH+4}
Regen    0.1/turn               q - ring of Datt {rC+ rN+ MP-9 AC-4 Str+4} (curse)
MPRegen  0.1/turn               r - ring "Casov" {rPois rC+ Int+4}

@: no status effects
A: fangs 2, magic shield, antimagic bite, no potion heal 3, rot immunity
a: Renounce Religion


You were in the Dungeon.
You worshipped Makhleb.
Makhleb was noncommittal.
You were not hungry.

You visited 1 branch You collected 200 gold pieces.
You spent 135 gold pieces at shops.

Inventory:

Hand Weapons
 a - a +0 rapier (weapon)
Armour
 b - a +0 scale mail (worn)
 c - a +0 shield (worn)
Jewellery
 p - the amulet "Riepnunn" (around neck) {Reflect rF+ Int+4 SH+4}
   (You bought it in a shop in the Dungeon)

   [amulet of reflection]

   It shields you and reflects attacks.
   It affects your intelligence (+4).
   It protects you from fire.
   It affects your SH (+4).
 q - the cursed ring of Datt (right hand) {rC+ rN+ MP-9 AC-4 Str+4}
   (You bought it in a shop in the Dungeon)

   [ring of protection]

   It affects your AC (-4).
   It affects your strength (+4).
   It protects you from cold.
   It protects you from negative energy.
   It affects your magic capacity (-9).
   It has a curse placed upon it.
 r - the ring "Casov" (left hand) {rPois rC+ Int+4}
   (You bought it in a shop in the Dungeon)

   [ring of protection from cold]

   It affects your intelligence (+4).
   It protects you from cold.
   It protects you from poison.
Wands
 l - a wand of acid (5/15)
   (You found it in the Dungeon)
 m - a wand of iceblast (5/15)
   (You found it in the Dungeon)
Scrolls
 k - 4 scrolls of blinking {!r}
 n - 3 scrolls of fog
Potions
 d - a potion of might
 e - a potion of curing
 g - 4 potions of heal wounds
 h - 4 potions of haste
 i - 2 potions of magic
 o - a potion of resistance
Comestibles
 f - a bread ration {@e1}


   Skills:
 + Level 3.9 Fighting
 + Level 3.3 Short Blades
 + Level 3.5 Armour
 + Level 2.4 Dodging
 + Level 4.0 Shields
 + Level 0.0 Spellcasting
 + Level 0.0 Invocations


You had 2 spell levels left.
You didn't know any spells.

Dungeon Overview and Level Annotations

Branches:
Dungeon (1/1)

Altars:
Cheibriados
Dithmenos
Fedhas
Gozag
Kikubaaqudgha
Makhleb
Okawaru
Qazlal
Ru
Sif Muna
Trog
Uskayaw
Vehumet
Xom
Yredelemnul
Zin
The Shining One
Beogh
Jiyva
Lugonu

Shops:
D *[%??*?*:[((!!!!

Annotations:
D Terence


Innate Abilities, Weirdness & Mutations

You have extremely sharp teeth.
When hurt, damage is shared between your health and your magic reserves.
Your bite disrupts and absorbs the magic of your enemies.
Potions cannot restore your health.
You are immune to rotting.


Message History

MASSIVE DAMAGE!!
You hit the frilled lizard.
You kill the frilled lizard!
Your Short Blades skill increases to level 2!
Okay, then.
There is a staircase leading out of the dungeon here.
Really quaff
j - a potion of berserk rage {!q}?
A red film seems to cover your vision as you go berserk!
You feel yourself moving faster!
You feel mighty! You block the scorpion's attack.
You now have 12/16 hp.
You puncture the scorpion! Your bite misses the scorpion.
You closely miss the scorpion.
You bite the scorpion, but do no damage.
The scorpion barely misses you.
You closely miss the scorpion. Your bite misses the scorpion.
A leopard gecko comes into view.
The leopard gecko hisses angrily.
You block the scorpion's attack.
You closely miss the scorpion. You bite the scorpion. You drain its power.
The scorpion stings you.
You take 2 damage, and have 10/16 hp.
You puncture the scorpion!
You kill the scorpion!
Your Fighting skill increases to level 3!
Your Short Blades skill increases to level 3!
Your Armour skill increases to level 3!
Your Dodging skill gained 2 levels and is now at level 2!
Your Shields skill increases to level 3!
You have reached level 2!
You have reached level 3!
Your experience leads to an increase in your attributes!
Your base attributes are Str 18, Int 8, Dex 13.
Increase (S)trength, (I)ntelligence, or (D)exterity?
You feel stronger.
You regained 10 hp, and now have 20/31 hp.
You closely miss the goblin. Your bite misses the goblin.
You puncture the goblin!
You kill the goblin!
The leopard gecko bites you but does no damage.
You impale the leopard gecko!!
You kill the leopard gecko!
Your Shields skill increases to level 4!
You feel a strong urge to attack something.
You are no longer berserk.
You are exhausted.
You feel yourself slow down.
You see here a dagger.
You now have 15/21 hp.
Found a corrupted altar of Lugonu.
Found a blossoming altar of Fedhas and a burning altar of Makhleb.
Found Wiyqioda's Staff Store and Erosapto's Magic Scroll Shop.
Found Tymiapt's Must-Have Magic and Pocyb's Magic Scroll Shop.
There is a burning altar of Makhleb here.
You kneel at the altar of Makhleb.
Makhleb welcomes you!
You start resting.
You feel yourself speed up.
You start resting.
Terence the Incautious comes into view.
He is wielding a flail of protection.
You feel less exhausted.
Okay, then.
You start resting. 50...
You see here a dagger.
Terence shouts!
Okay, then.
You swing at nothing.
You swing at nothing.
You swing at nothing.
You hit Terence but do no damage. Your bite misses Terence.
Terence hits you with a flail of protection.
You take 4 damage, and have 15/21 hp.
You hit Terence but do no damage.
Terence hits you with a flail of protection.
You take 4 damage, and have 11/21 hp.
You hit Terence but do no damage. You block Terence's attack.
You hit Terence but do no damage.
Terence hits you with a flail of protection.
* * * LOW HITPOINT WARNING * * *
You take 6 damage, and have 5/21 hp.
MASSIVE DAMAGE!!
You barely miss Terence. Your bite misses Terence. You block Terence's attack.
You closely miss Terence. You block Terence's attack.
You hit Terence but do no damage. You bite Terence, but do no damage.
You block Terence's attack.
You hit Terence but do no damage. You bite Terence, but do no damage.
Terence barely misses you.
You hit Terence but do no damage. You bite Terence, but do no damage.
Terence misses you.
You hit Terence but do no damage. You bite Terence, but do no damage.
Terence barely misses you.
You hit Terence but do no damage. You bite Terence. You drain his power.
You block Terence's attack.
You hit Terence but do no damage. You bite Terence. You drain his power.
You block Terence's attack.
You hit Terence. You hit Terence. Your bite misses Terence.
Terence hits you with a flail of protection!
You die...

#_......._# #_........#
###.........### #⌠...........⌠#
######.8.........8.######
##∩.._......###......___∩##
###∩........8.# #.8........∩##
##............@###.............
#⌠..........###@..###..........
#⌠..........# #.<.# #..........
#⌠..........###...###..........
##.............###.............
###∩........8.# #.8........∩##
##∩___......###......___∩##
######.8.........8.######
#⌠...........⌠# ###.........###


You could see Terence.

Vanquished Creatures
  A scorpion (D)
  A leopard gecko (D)
  A frilled lizard (D)
  A goblin (D)
4 creatures vanquished.

Notes
Turn   | Place    | Note
-------+----------+-------------------------------------------
     0 | D        | esc the Vine Stalker Fighter began the quest for the Orb.
     0 | D        | Reached XP level 1. HP: 11/11 MP: 2/2
     1 | D        | Found a deep blue altar of Sif Muna.
     1 | D        | Found a bloodstained altar of Trog.
     2 | D        | Found a sacrificial altar of Ru.
     3 | D        | Found a glowing silver altar of Zin.
     4 | D        | Found Nyreuw's Bee Food.
     4 | D        | Found a stormy altar of Qazlal.
     4 | D        | Found a shadowy altar of Dithmenos.
     4 | D        | Found Cauxace's Identification Station.
     5 | D        | Found Teoffom's Jewellery.
     5 | D        | Found Arpheppy's Advanced Armour.
     5 | D        | Round 1.
    13 | D        | Bought a brightly glowing jade amulet for 45 gold pieces
    13 | D        | Bought a slimy silver ring for 45 gold pieces
    13 | D        | Bought a flickering brass ring for 45 gold pieces
    13 | D        | Identified the amulet "Riepnunn" {Reflect rF+ Int+4 SH+4} (You bought it in a shop in the Dungeon)
    14 | D        | Identified the ring "Casov" {rPois rC+ Int+4} (You bought it in a shop in the Dungeon)
    15 | D        | Identified the cursed ring of Datt {rC+ rN+ MP-9 AC-4 Str+4} (You bought it in a shop in the Dungeon)
    19 | D        | Found a roughly hewn altar of Beogh.
    20 | D        | Found a shimmering altar of Xom.
    21 | D        | Found a hide-covered altar of Uskayaw.
    22 | D        | Found Sogedwis's Premium Goods.
    23 | D        | Found Zoczocle's Miscellaneous Merchandise.
    23 | D        | Found Inuiha Piats's Basic Armour.
    24 | D        | Found a viscous altar of Jiyva.
    24 | D        | Found a radiant altar of Vehumet.
    24 | D        | Found Zouw's Weapon Rack.
    28 | D        | Found a glowing golden altar of the Shining One.
    29 | D        | Found an opulent altar of Gozag.
    30 | D        | Found a basalt altar of Yredelemnul.
    31 | D        | Found Xacloow's Do-It-Yourself Clinic.
    31 | D        | Found a snail-covered altar of Cheibriados.
    31 | D        | Found an ancient bone altar of Kikubaaqudgha.
    31 | D        | Found an iron altar of Okawaru.
    31 | D        | Found Itweceg's Distillery.
    32 | D        | Found Raoph's Bottled Wisdom.
    32 | D        | Found Waopt's Distillery.
    33 | D        | Noticed a scorpion
    44 | D        | Reached skill level 2 in Short Blades
    53 | D        | Killed a scorpion
    53 | D        | Reached skill level 3 in Fighting
    53 | D        | Reached skill level 3 in Short Blades
    53 | D        | Reached skill level 3 in Armour
    53 | D        | Reached skill level 2 in Dodging
    53 | D        | Reached skill level 3 in Shields
    53 | D        | Reached XP level 2. HP: 16/17 MP: 0/3
    53 | D        | Reached XP level 3. HP: 20/21 MP: 0/4
    57 | D        | Reached skill level 4 in Shields
    62 | D        | Found a corrupted altar of Lugonu.
    63 | D        | Found a blossoming altar of Fedhas.
    63 | D        | Found a burning altar of Makhleb.
    64 | D        | Found Wiyqioda's Staff Store.
    64 | D        | Found Erosapto's Magic Scroll Shop.
    65 | D        | Found Tymiapt's Must-Have Magic.
    65 | D        | Found Pocyb's Magic Scroll Shop.
    71 | D        | Became a worshipper of Makhleb the Destroyer
    89 | D        | Noticed Terence
   110 | D        | HP: 5/21 [Terence/flail of protection (6)]
   120 | D        | Slain by Terence

Vault maps used:
D:        arena_sprint

Skill      XL: |  1  2  3 |
---------------+----------+-----
Short Blades   | 3 |  3.3
Fighting       | 3 |  3.9
Armour         | 3 |  3.5
Dodging        | 2 |  2.4
Shields        | 3 4 |  4.0

Action                   || total
-------------------------++-------
Melee: Rapier            ||    24
       Bite              ||     9
  Use: Potion            ||     1
Armor: Scale mail        ||     1
Dodge: Dodged            ||     4
Block: Shield            ||     8

Vault maps used:
D:        arena_sprint

Table legend:
 A = Turns spent in this place as a percentage of turns spent in the entire game.
 B = Non-inter-level travel turns spent in this place as a percentage of non-inter-level travel turns spent in the entire game.
 C = Inter-level travel turns spent in this place as a percentage of turns spent in this place.
 D = Turns resting spent in this place as a percentage of non-inter-level travel turns spent in this place.
 E = Turns spent auto-exploring this place as a percentage of non-inter-level travel turns spent in this place.
 F = Non-inter-level travel turns spent in this place divided by the number of levels of this place that you've seen.
                   A       B       C       D       E      F
               +-------+-------+-------+-------+-------+----------------------
         Total | 100.0 | 100.0 |   0.0 |   4.4 |   0.0 | 113.0
       Dungeon | 100.0 | 100.0 |   0.0 |   4.4 |   0.0 | 113.0
               +-------+-------+-------+-------+-------+----------------------

Table legend:
 A = Kills in this place as a percentage of kills in entire the game.
 B = Kills by you in this place as a percentage of kills by you in the entire game.
 C = Kills by friends in this place as a percentage of kills by friends in the entire game.
 D = Other kills in this place as a percentage of other kills in the entire game.
 E = Experience gained in this place as a percentage of experience gained in the entire game.
 F = Experience gained in this place divided by the number of levels of this place that you have seen.
                   A       B       C       D       E      F
               +-------+-------+-------+-------+-------+----------------------
         Total | 100.0 | 100.0 |  -nan |  -nan | 100.0 |  75.0
       Dungeon | 100.0 | 100.0 |  -nan |  -nan | 100.0 |  75.0
               +-------+-------+-------+-------+-------+----------------------
